 Dungeon Crawl Stone Soup version 0.24-a0-530-g18ba70b503 (webtiles) character file.

Game seed: 10298132492599146090

6127 Delarado the Transmogrifier (level 10, -9/65 HPs)
             Began as an Octopode Transmuter on Aug 8, 2019.
             Was a High Priest of Cheibriados.
             Mangled by an orc warrior
             ... wielding a +0 trident
              (24 damage)
             ... on level 10 of the Dungeon on Aug 9, 2019.
             The game lasted 01:04:08 (13652 turns).

Delarado the Transmogrifier (Octopode Transmuter)  Turns: 13652, Time: 01:04:09

Health: -9/65      AC:  3    Str: 20    XL:     10   Next: 89%
Magic:  0/16       EV: 17    Int: 30    God:    Cheibriados [*****.]
Gold:   616        SH:  0    Dex: 24    Spells: 1/17 levels left

rFire    x . .     SeeInvis +     - Unarmed
rCold    + . .     Gourm    .   (shield currently unavailable)
rNeg     + . .     Faith    .   (helmet restricted)
rPois    +         Spirit   +   k - amulet of guardian spirit
rElec    .         Reflect  .   i - +2 ring of protection
rCorr    .         Harm     .   p - ring of the Demon Prince {Ice rPois rN+}
MR       .....                  A - ring of see invisible
Stlth    +++.......             (no ring)
HPRegen  0.20/turn              (no ring)
MPRegen  0.15/turn              (no ring)
                                (no ring)
                                (no ring)

@: blade tentacles, very slow
A: almost no armour, stealthy swim, amphibious, 8 rings, constrict 8, camouflage
1, gelatinous body 1
a: End Transformation, Bend Time, Temporal Distortion, Slouch, Step From Time,
Renounce Religion


You were on level 10 of the Dungeon.
You worshipped Cheibriados.
Cheibriados was extremely pleased with you.
You were not hungry.
You had blades for tentacles.
You visited 2 branches of the dungeon, and saw 10 of its levels.

You collected 616 gold pieces.

Inventory:

Missiles
 a - 105 arrows
 b - 360 stones
 d - 2 throwing nets
 t - 5 boomerangs (quivered)
Magical Staves
 v - an uncursed staff of conjuration
Jewellery
 i - a +2 ring of protection (left scythe-like blade)
 k - an amulet of guardian spirit (around mantle)
 p - the ring of the Demon Prince (right scythe-like blade) {Ice rPois rN+}
   (You found it on level 5 of the Dungeon)

   [ring of ice]

   It enhances your ice magic.
   It makes you vulnerable to fire.
   It protects you from cold.
   It protects you from poison.
   It protects you from negative energy.
 A - a ring of see invisible (on tentacle)
 F - an uncursed ring of ice
Wands
 g - a wand of digging (6)
 o - a wand of paralysis (5)
 r - a wand of enslavement (10)
 C - a wand of iceblast (19)
 D - a wand of polymorph (8)
Scrolls
 h - 3 scrolls of teleportation
 j - 2 scrolls of magic mapping
 m - 2 scrolls of enchant weapon
 q - 3 scrolls of remove curse
 w - a scroll of blinking {unknown}
 x - a scroll of enchant armour {unknown}
 y - a scroll of immolation
 z - a scroll of amnesia {unknown}
 B - a scroll of torment
Potions
 e - a potion of flight {unknown}
 l - 2 potions of might
 n - 2 potions of berserk rage
 u - 2 potions of agility
 E - a potion of ambrosia
 G - a potion of invisibility {unknown}
 H - a potion of brilliance
Comestibles
 c - 21 rations
 I - 3 chunks of flesh


   Skills:
 - Level 4.5 Fighting
 - Level 4.8 Dodging
 + Level 6.7 Unarmed Combat
 - Level 4.0 Spellcasting
 - Level 3.1 Hexes
 - Level 10.6 Transmutations
 - Level 3.0 Poison Magic
 + Level 6.5 Invocations


You had one spell level left.
You knew the following spells:

 Your Spells              Type           Power        Failure   Level  Hunger
a - Beastly Appendage     Tmut           ######       7%          1    None
b - Sticks to Snakes      Tmut           ######..     8%          2    None
c - Spider Form           Tmut/Pois      #####.....   16%         3    ##.....
d - Blade Hands           Tmut           ######....   22%         5    #####..
e - Corona                Hex            ###....      21%         1    None
f - Ice Form              Ice/Tmut       ######..     41%         4    ####...

Your spell library contained the following spells:

 Spells                   Type           Power        Failure   Level  Hunger
 Confusing Touch          Hex            ###...       21%         1    None
 Sting                    Conj/Pois      ###.         28%         1    None
 Animate Skeleton         Necr           N/A          36%         1    None
 Apportation              Tloc           #.....       36%         1    None
 Summon Small Mammal      Summ           #...         36%         1    None
 Slow                     Hex            ###.....     24%         2    None
 Poisonous Vapours        Pois/Air       ###...       34%         2    None
 Confuse                  Hex            ###.....     34%         3    ##.....
 Petrify                  Tmut/Erth      #####...     41%         4    ####...
 Inner Flame              Hex/Fire       ###.....     47%         3    ##.....
 Portal Projectile        Hex/Tloc       ###...       47%         3    ##.....
 Yara's Violent Unravell  Hex/Tmut       #####.....   47%         5    #####..
 Mephitic Cloud           Conj/Pois/Air  ##......     52%         3    ##.....
 Gell's Gravitas          Tloc           #.........   61%         3    ##.....
 Cause Fear               Hex            ###.......   61%         4    ####...
 Olgreb's Toxic Radiance  Pois           ###.....     61%         4    ####...
 Leda's Liquefaction      Hex/Erth       ###.......   77%         4    ####...
 Metabolic Englaciation   Hex/Ice        ###.......   95%         5    #####..
 Venom Bolt               Conj/Pois      ###.......   95%         5    #####..


Dungeon Overview and Level Annotations

Branches:
Dungeon (10/15)            Temple (1/1) D:5
   Lair: D:8-11         Orc: D:9-12

Altars:
Ashenzari
Cheibriados
Dithmenos
Elyvilon
Fedhas
Gozag
Hepliaklqana
Kikubaaqudgha
Makhleb
Nemelex Xobeh
Okawaru
Qazlal
Ru
Sif Muna
Trog
Uskayaw
Vehumet
Wu Jian
Xom
Yredelemnul
Zin
The Shining One

Annotations:
D:10 exclusion: unseen horror


Innate Abilities, Weirdness & Mutations

You cannot wear most types of armour.
You are very stealthy in the water. (Stealth+)
You are amphibious.
You can wear up to eight rings at the same time.
You can use your tentacles to constrict eight enemies at once.
Your skin changes colour to match your surroundings (Stealth+).
Your rubbery body absorbs attacks. (AC +1, EV +1)


Message History

Okay, then.
Evoke which item? (* to show all) (? for menu, Esc to quit)
Aiming: Paralyse
Press: ? - help, Shift-Dir - straight line, f - orc warrior
Aim: an orc warrior, wielding a +0 mace and wearing a +0 plate armour (chance to defeat MR: 46%)
Okay, then.
Unknown command.
Okay, then.
As you read the scroll of fog, it crumbles to dust.
The scroll dissolves into smoke.
The orc warrior closely misses you. The orc warrior barely misses you.
The flow of time bends around you.
Cheibriados rebukes the orc warrior.
The orc warrior seems to slow down.
You feel slightly more hungry.
The orc warrior hits you from afar with a +0 trident!
* * * LOW HITPOINT WARNING * * *
The orc warrior closely misses you.
You feel better.
The orc warrior hits you from afar with a +0 trident!!
You die...

.......####.###.#
#.#..#.##.###..
..... #...#
#.###.##[#.##......
..... #...#
#....÷.....########
.....
###(###....###.###..
.. #....
x............#.#
#.#####. #....
.......#.###.#.#
#.#...#. # ...
.......#§# #.#.#
#.#.#... #
.......#§#
#.#.###.#.#... #
########@#
#.#.......#.##
##.##o#
#.#.....###.#
...#.o)#o#
#.#.........#
.....o.o§#
#.#.....#####
.............##....#
.o...o..############
...#!..## #8 ##8#
#### # ##


You could see 2 orc warriors.

Vanquished Creatures
  A komodo dragon (shapeshifter) (D:10)
  3 hornets
  Prince Ribbit (D:7)
  A human (D:8)
  A steam dragon (D:8)
  3 yaks
  2 hogs (D:8)
  4 orc warriors
  2 ice beasts
  4 sky beasts
  2 phantoms (D:10)
  3 centaurs
  2 crocodiles (D:10)
  A big kobold (D:8)
  6 bullfrogs
  A gnoll sergeant (D:10)
  A wyvern zombie (D:9)
  A scorpion (D:8)
  5 killer bees (D:9)
  4 howler monkeys
  4 crimson imps
  A centaur zombie (D:10)
  2 bullfrog zombies
  4 hounds
  2 centaur skeletons (D:7)
  2 jellies
  2 bullfrog skeletons
  7 orc priests
  6 orc wizards
  6 worker ants
  A hound zombie (D:10)
  Robin (D:2)
  5 gnolls (D:10)
  7 adders
  A howler monkey skeleton (D:7)
  A shadow imp (D:10)
  An ooze (D:2)
  A worm (D:2)
  An adder skeleton (D:7)
  2 dart slugs (D:1)
  2 leopard geckos
  22 orcs
  A bat zombie (D:7)
  5 giant cockroaches
  16 goblins
  11 hobgoblins
  4 jackals
  3 quokkas
  2 ball pythons
  4 bats
  A frilled lizard (D:3)
  A goblin zombie (D:7)
  14 kobolds
  A quokka skeleton (D:7)
  A quokka zombie (D:7)
  8 rats
  2 rat zombies (D:7)
203 creatures vanquished.

Vanquished Creatures (collateral kills)
  3 yaks (D:7)
  An ice beast (D:10)
  2 ogres
  2 killer bees (D:7)
  A howler monkey (D:7)
  A hound (D:10)
  An orc priest (D:3)
  2 orc wizards (D:3)
  A gnoll (D:7)
  An adder skeleton (D:3)
  A worm (D:3)
  3 orcs
  A goblin (D:3)
  A jackal (D:7)
  A kobold (D:3)
  A jackal skeleton (D:7)
23 creatures vanquished.

Vanquished Creatures (others)
  A quokka (D:10)
  3 fungi (D:3)
4 creatures vanquished.

Grand Total: 230 creatures vanquished

Notes
Turn   | Place    | Note
-------+----------+-------------------------------------------
     0 | D:1      | Delarado the Octopode Transmuter began the quest for the
                  | Orb.
     0 | D:1      | Reached XP level 1. HP: 13/13 MP: 3/3
   261 | D:1      | Reached XP level 2. HP: 17/18 MP: 3/5
   464 | D:1      | Reached skill level 3 in Transmutations
   528 | D:1      | Learned a level 2 spell: Sticks to Snakes
   859 | D:1      | Reached XP level 3. HP: 23/23 MP: 4/6
  1427 | D:2      | Noticed Robin
  1902 | D:2      | Reached skill level 4 in Transmutations
  1931 | D:2      | Reached XP level 4. HP: 22/28 MP: 4/7
  1963 | D:2      | Killed Robin
  3039 | D:2      | Learned a level 3 spell: Spider Form
  3082 | D:3      | Found a blossoming altar of Fedhas.
  3137 | D:3      | Reached skill level 1 in Poison Magic
  3137 | D:3      | Reached XP level 5. HP: 22/33 MP: 4/8
  3587 | D:3      | You fall into a shaft and drop 3 floors!
  3604 | D:6      | Reached skill level 5 in Transmutations
  3691 | D:6      | Reached XP level 6. HP: 29/38 MP: 5/9
  3821 | D:5      | Entered Level 5 of the Dungeon
  3840 | D:5      | Noticed an ice beast
  3860 | D:5      | Killed an ice beast
  3860 | D:5      | Reached skill level 6 in Transmutations
  4120 | D:5      | Got a bound ivory ring
  4121 | D:5      | Identified the ring of the Demon Prince {Ice rPois rN+}
                  | (You found it on level 5 of the Dungeon)
  4286 | D:5      | Found a staircase to the Ecumenical Temple.
  4304 | D:5      | Reached XP level 7. HP: 17/43 MP: 2/10
  4317 | Temple   | Entered the Ecumenical Temple
  4775 | Temple   | Became a worshipper of Cheibriados the Contemplative
  4846 | D:5      | Reached skill level 7 in Transmutations
  4862 | D:5      | Found a stormy altar of Qazlal.
  5589 | D:6      | Reached skill level 8 in Transmutations
  6225 | D:6      | Found a stormy altar of Qazlal.
  6308 | D:6      | Reached * piety under Cheibriados
  6505 | D:7      | Noticed Prince Ribbit
  6513 | D:7      | Reached XP level 8. HP: 47/48 MP: 8/11
  6517 | D:7      | Noticed a hornet
  6564 | D:7      | Reached skill level 1 in Invocations
  6777 | D:7      | Reached skill level 9 in Transmutations
  6822 | D:6      | Learned a level 5 spell: Blade Hands
  7156 | D:7      | Noticed a yak
  7432 | D:7      | Killed a hornet
  7432 | D:7      | Reached skill level 10 in Transmutations
  7432 | D:7      | Reached XP level 9. HP: 7/53 MP: 1/13
  7433 | D:7      | Reached ** piety under Cheibriados
  7935 | D:7      | Killed Prince Ribbit
  8254 | D:7      | Learned a level 1 spell: Corona
  8634 | D:7      | Found an ancient bone altar of Kikubaaqudgha.
  9093 | D:8      | Reached skill level 1 in Hexes
  9856 | D:8      | Reached *** piety under Cheibriados
 10122 | D:8      | Reached XP level 10. HP: 38/63 MP: 5/14
 10128 | D:8      | Reached skill level 5 in Unarmed Combat
 11103 | D:9      | Reached **** piety under Cheibriados
 11835 | D:9      | Learned a level 4 spell: Ice Form
 11853 | D:10     | Entered Level 10 of the Dungeon
 12020 | D:10     | Noticed an unseen horror
 12187 | D:10     | Found a white marble altar of Elyvilon.
 12271 | D:10     | Reached skill level 5 in Invocations
 12862 | D:10     | Reached ***** piety under Cheibriados
 13193 | D:10     | Found a sparkling altar of Nemelex Xobeh.
 13651 | D:10     | HP: 3/65 [orc warrior/+0 trident (11)]
 13652 | D:10     | Mangled by an orc warrior

Levels and vault maps discovered:
D:1:      sevenhm_arrival_forest_fort_small_3, layout_loops_ring
D:2:      layout_basic, uniq_robin
D:3:      layout_loops_cross, fedhas_altar_3
D:5:      layout_gridville, minmay_temple_entry_waves, first_ration,
          basic_altar, corexii_checkpoint_a
D:6:      layout_basic, nicolae_qazlal_eye_of_the_storm
D:7:      layout_rooms, lemuel_zombie_altar_kikubaaqudgha, enter_ossuary_4,
          minmay_bent, uniq_prince_ribbit1
D:8:      layout_gridville, grunt_livestock, minmay_misc_feat_ornament
D:9:      layout_loops_corners
D:10:     layout_basic, david_orc_4, basic_altar,
          hangedman_abyss_or_decor_clamps, elyvilon_altar_4
Temple:   regret_index_temple_sigil_plot

Skill      XL: |  1  2  3  4  5  6  7  8  9 10 |
---------------+-------------------------------+-----
Transmutations | 3 4 5 6 8 10 | 10.6
Poison Magic   | 1 3 |  3.0
Invocations    | 3 4 6 |  6.5
Fighting       | 3 4 |  4.5
Dodging        | 4 |  4.8
Hexes          | 2 3 |  3.1
Unarmed Combat | 4 6 |  6.7
Spellcasting   | 4 |  4.0

Action                   |  1- 3 |  4- 6 |  7- 9 | 10-12 || total
-------------------------+-------+-------+-------+-------++-------
Melee: Unarmed           |    83 |   104 |   206 |   145 ||   538
       Constrict         |    26 |    22 |    40 |    33 ||   121
       Kick              |    25 |    30 |    49 |    39 ||   143
       Tentacles         |    13 |    13 |    42 |    32 ||   100
       Punch             |       |     1 |     3 |    14 ||    18
Throw: Stone             |    32 |    15 |       |       ||    47
       Javelin           |       |     6 |       |       ||     6
       Boomerang         |       |    11 |    41 |    26 ||    78
 Cast: Beastly Appendage |    33 |    28 |    28 |    17 ||   106
       Sticks to Snakes  |       |    18 |    27 |     7 ||    52
       Blade Hands       |       |       |    12 |    11 ||    23
Invok: Bend Time         |       |       |     1 |     4 ||     5
  Use: Scroll            |     2 |       |     8 |     6 ||    16
       Potion            |     1 |       |     4 |     2 ||     7
 Stab: Distracted        |       |       |     2 |     1 ||     3
       Sleeping          |       |       |       |     2 ||     2
  Eat: Chunk             |     3 |    10 |    17 |     9 ||    39
Armor: Skin              |    18 |    12 |    16 |    16 ||    62
Dodge: Dodged            |    38 |    73 |   129 |   132 ||   372

Table legend:
 A = Non-vault XP
 B = Vault XP
 C = Vault XP percentage of total XP
 D = Non-vault monster count
 E = Vault monster count
 F = Vault count percentage of total count
                 A         B        C        D         E       F
            +---------+---------+-------+---------+---------+-------
      Total |    6716 |    2038 |  23.3 |     188 |      38 |  16.8
            +---------+---------+-------+---------+---------+-------
        D:1 |      41 |       6 |  12.8 |      23 |       3 |  11.5
        D:2 |      61 |      28 |  31.5 |      19 |       9 |  32.1
        D:3 |      99 |       0 |   0.0 |      23 |       0 |   0.0
        D:5 |     426 |       4 |   0.9 |      10 |       2 |  16.7
        D:6 |     507 |     215 |  29.8 |      15 |       2 |  11.8
        D:7 |    1517 |     692 |  31.3 |      30 |      12 |  28.6
        D:8 |     831 |    1003 |  54.7 |      13 |       5 |  27.8
        D:9 |    1143 |       0 |   0.0 |      22 |       0 |   0.0
       D:10 |    2091 |      90 |   4.1 |      33 |       5 |  13.2
            +---------+---------+-------+---------+---------+-------
